 Dungeon Crawl Stone Soup version 0.22-a0-858-g985ef60 (console) character file.

24189 removed the Zephyrmancer (level 12, -7/104 HPs)
             Began as a Demigod Air Elementalist on July 27, 2018.
             Mangled by a jumping spider (14 damage)
             ... on level 4 of the Lair of Beasts.
             The game lasted 00:38:25 (20538 turns).

removed the Zephyrmancer (DgAE)                    Turns: 20538, Time: 00:38:25

Health: -7/104     AC:  8    Str: 16    XL:     12   Next: 44%
Magic:  13/29      EV:  8    Int: 27    God:
Gold:   829        SH:  0    Dex: 16    Spells: 8/29 levels left

rFire    . . .     SeeInvis .   a - staff of air
rCold    . . .     Gourm    .   (no shield)
rNeg     + . .     Faith    .   J - +0 leather armour {rPois}
rPois    +         Spirit   .   C - +0 helmet
rElec    +         Reflect  .   v - +2 cloak
rCorr    .         Harm     .   (no gloves)
MR       +....                  d - +0 pair of boots
Stlth    ++........             K - amulet of magic regeneration
HPRegen  0.27/turn              N - ring of positive energy
MPRegen  0.46/turn              H - +5 ring of strength

@: held
A: high mp 1
a: no special abilities


You were on level 4 of the Lair of Beasts.
You were not hungry.

You visited 2 branches of the dungeon, and saw 15 of its levels.

You collected 874 gold pieces.
You spent 45 gold pieces at shops.

Inventory:

Hand Weapons
 b - the +8 whip "Snakebite" {curare, rPois}
   (You found it on level 1 of the Lair of Beasts)

   It poisons the flesh of those it strikes.
   It protects you from poison.
 f - a +3 trident of protection
 Q - a +1 quarterstaff of distortion
Missiles
 y - 5 javelins (quivered)
 M - 8 curare-tipped needles
Armour
 d - a +0 pair of boots (worn)
 m - a scarf of cloud immunity
 o - a +0 robe of resistance
 v - a +2 cloak (worn)
 w - a +0 buckler
 C - a +0 helmet (worn)
 J - a +0 leather armour of poison resistance (worn)
 X - a scarf of repulsion
Magical Staves
 a - an uncursed staff of air (weapon)
 Z - an uncursed staff of conjuration
Jewellery
 e - an uncursed ring of flight
 k - an uncursed ring of fire
 l - an uncursed ring of fire
 s - a +4 amulet of reflection {unknown}
 u - an uncursed ring of ice
 H - a +5 ring of strength (right hand)
 I - an uncursed ring of protection from cold
 K - an amulet of magic regeneration (around neck)
 N - a ring of positive energy (left hand)
Wands
 x - a wand of paralysis (20)
 F - a wand of iceblast (21)
 L - a wand of digging (29)
 Y - a wand of disintegration (21)
Scrolls
 h - 2 scrolls of magic mapping
 i - 5 scrolls of teleportation
 p - 7 scrolls of remove curse
 r - a scroll of amnesia
 z - a scroll of fog {unknown}
 G - a scroll of torment {unknown}
 O - 4 scrolls of enchant weapon
 S - a scroll of blinking {unknown}
 U - a scroll of enchant armour {unknown}
 W - a scroll of brand weapon {unknown}
Potions
 j - a potion of berserk rage
 n - 3 potions of degeneration
 q - 3 potions of invisibility
 t - 5 potions of curing
 A - 3 potions of flight
 D - 6 potions of heal wounds
 E - 2 potions of brilliance
 P - 2 potions of mutation
 R - a potion of agility
 T - a potion of might {unknown}
 V - a potion of haste
Comestibles
 c - 25 rations


   Skills:
 - Level 9.0 Fighting
 + Level 6.4 Dodging
 - Level 1.7 Stealth
 - Level 9.1 Spellcasting
 - Level 10.0 Conjurations
 - Level 10.1 Air Magic


You had 8 spell levels left.
You knew the following spells:

 Your Spells              Type           Power        Failure   Level  Hunger
a - Shock                 Conj/Air       ####         1%          1    None
b - Static Discharge      Conj/Air       #######.     1%          3    None
c - Airstrike             Air            #######...   1%          4    #......
d - Lightning Bolt        Conj/Air       #######...   2%          5    ####...
e - Conjure Ball Lightni  Conj/Air       #######...   14%         6    ######.
s - Swiftness             Chrm/Air       ######..     1%          2    None

Your spell library contained the following spells:

 Spells                   Type           Power        Failure   Level  Hunger
 Throw Flame              Conj/Fire      #####.       1%          2    None
 Animate Dead             Necr           N/A          50%         4    #......
 Pain                     Necr           ##..         6%          1    None
 Animate Skeleton         Necr           N/A          6%          1    None
 Vampiric Draining        Necr           ##........   17%         3    None
 Regeneration             Chrm/Necr      ##........   17%         3    None
 Summon Demon             Summ           ##........   85%         5    ####...
 Summon Hydra             Summ           ##........   100%        7    #######


Dungeon Overview and Level Annotations

Branches:
Dungeon (11/15)            Temple (0/1) D:7            Lair (4/6) D:10
  Swamp (0/4) Lair:2          Orc (0/2) D:11
  Snake: Lair:2-4    Spider: Lair:2-4

Shops:
D:7 *   D:10 :

Annotations:
D:3 2 transporters, Kuinu's ghost, amateur DrFE
D:7 Harold
D:8 exclusion: 2 downstairs


Innate Abilities, Weirdness & Mutations

You have an increased reservoir of magic. (+10% MP)


Message History

The jumping spider pounces on you but does no damage.
The jumping spider bites you.
* * * LOW HITPOINT WARNING * * *
The jumping spider pounces on you!
* * * LOW HITPOINT WARNING * * *
The jumping spider bites you.
* * * LOW HITPOINT WARNING * * *
Unknown command.
Casting: Static Discharge (safe; 1% risk of failure)
Confirm with . or Enter, or press ? or * to list all spells.
You feel a surge of power!
The jumping spider is struck by lightning.
The jumping spider is almost dead.
The lightning arcs!
You are struck by lightning.
You resist.
The lightning arcs!
The jumping spider is struck by lightning.
The jumping spider is heavily wounded.
The lightning arcs!
You are struck by lightning.
You resist. The jumping spider pounces on you!
You die...

#. ...... #.. ....
#.... ##....#
.....##.##..#
§§#....P#.##..#####
§.................P###
...........†..........
..........s@s.........
.........(....##≈≈≈##.
............### s.#
...........## ..#
...........># #.#
............# .
............#
............#
...........#


You could see 2 jumping spiders.

Vanquished Creatures
  Erolcha (D:9)
  2 two-headed ogres
  A deep elf mage (D:9)
  Joseph (D:8)
  4 elephants (Lair:3)
  5 black mambas
  6 spiny frogs
  5 komodo dragons
  A rime drake (Lair:3)
  2 jumping spiders (Lair:4)
  6 trolls
  2 tyrant leeches (Lair:2)
  A slime creature (Lair:3)
  4 blink frogs (Lair:3)
  4 hippogriffs
  A shadow (D:11)
  A redback (Lair:4)
  A human (D:10)
  A wyvern (Lair:2)
  4 hogs (D:10)
  9 yaks
  A basilisk (Lair:3)
  Menkaure (D:7)
  8 water moccasins
  3 porcupines (D:10)
  4 orc warriors
  3 sky beasts
  5 ice beasts
  4 black bears
  A necrophage (D:10)
  A phantom (D:9)
  4 ogres
  7 centaurs
  9 crocodiles
  Blork the orc (D:5)
  3 big kobolds
  11 bullfrogs
  A wyvern zombie (D:10)
  6 scorpions
  16 killer bees
  9 wights (D:10)
  A howler monkey (D:8)
  5 crimson imps
  A quasit (D:7)
  A hound (D:6)
  10 jellies
  3 centaur skeletons
  6 orc priests
  A centaur zombie (D:6)
  Terence (D:3)
  A bullfrog skeleton (D:6)
  6 iguanas
  7 orc wizards
  4 hell rats (Lair:3)
  9 worker ants
  A hound zombie (D:10)
  A hound skeleton (D:10)
  A howler monkey zombie (D:6)
  8 gnolls
  19 adders
  4 shadow imps
  15 oozes
  2 adder zombies
  4 adder skeletons
  A worm (D:4)
  4 dart slugs
  5 leopard geckos
  24 orcs
  2 ball pythons
  6 bats
  5 giant cockroaches (D:1)
  11 goblins
  6 hobgoblins
  4 jackals (D:9)
  17 kobolds
  3 quokkas
  5 frilled lizards
  5 rats
  A fungus (Lair:1)
  2 plants
372 creatures vanquished.

Vanquished Creatures (others)
  10 fungi
10 creatures vanquished.

Grand Total: 382 creatures vanquished

Notes
Turn   | Place    | Note
-------+----------+-------------------------------------------
     0 | D:1      | removed the Demigod Air Elementalist began the quest for the Orb.
     0 | D:1      | Reached XP level 1. HP: 14/14 MP: 5/5
    68 | D:1      | Reached skill level 1 in Conjurations
   421 | D:1      | Reached XP level 2. HP: 20/20 MP: 4/7
   694 | D:1      | Learned a level 2 spell: Swiftness
  1241 | D:1      | Reached XP level 3. HP: 26/26 MP: 5/8
  1762 | D:2      | Found a sacrificial altar of Ru.
  2160 | D:2      | Found a blossoming altar of Fedhas.
  2653 | D:3      | Found a transporter.
  2819 | D:3      | Found a glowing golden altar of the Shining One.
  2890 | D:3      | Reached XP level 4. HP: 33/33 MP: 2/9
  2952 | D:3      | Found a transporter.
  2954 | D:3      | Noticed an ogre
  2955 | D:3      | Noticed Kuinu's ghost (amateur DrFE)
  2961 | D:3      | Noticed an ogre
  2974 | D:3      | Noticed Terence
  3056 | D:3      | Killed Terence
  3204 | D:3      | Learned a level 3 spell: Static Discharge
  3218 | D:3      | Found a sparkling altar of Nemelex Xobeh.
  3491 | D:3      | Found a sacrificial altar of Ru.
  3504 | D:3      | Reached XP level 5. HP: 38/38 MP: 3/10
  4287 | D:5      | Entered Level 5 of the Dungeon
  4345 | D:5      | Noticed an ice beast
  4354 | D:5      | Killed an ice beast
  4354 | D:5      | Reached XP level 6. HP: 45/45 MP: 8/14
  4404 | D:5      | Found a shattered altar of Ashenzari.
  5222 | D:5      | Found a white marble altar of Elyvilon.
  5222 | D:5      | Found a radiant altar of Vehumet.
  5259 | D:5      | Found a hide-covered altar of Uskayaw.
  5298 | D:5      | Noticed Blork the orc
  5305 | D:5      | Killed Blork the orc
  5728 | D:5      | Reached XP level 7. HP: 50/50 MP: 12/16
  5891 | D:6      | Reached skill level 5 in Conjurations
  5891 | D:6      | Reached skill level 5 in Air Magic
  7086 | D:5      | Learned a level 4 spell: Airstrike
  7164 | D:6      | Reached XP level 8. HP: 40/57 MP: 8/17
  7438 | D:6      | Reached skill level 5 in Spellcasting
  7566 | D:6      | Found an ornate altar of the Wu Jian Council.
  7587 | D:6      | Reached skill level 1 in Fighting
  7877 | D:7      | Noticed Menkaure
  7886 | D:7      | Killed Menkaure
  7923 | D:7      | Noticed Harold
  8122 | D:7      | Found Suachyol's General Store.
  8139 | D:7      | Reached skill level 5 in Fighting
  8139 | D:7      | Noticed a hippogriff
  8171 | D:7      | Killed a hippogriff
  8171 | D:7      | Reached XP level 9. HP: 63/75 MP: 1/20
  8274 | D:7      | Bought a potion of curing for 45 gold pieces
  8375 | D:7      | Found a staircase to the Ecumenical Temple.
  9052 | D:8      | Noticed Joseph
  9290 | D:8      | Found a shimmering altar of Xom.
  9932 | D:8      | Reached skill level 5 in Dodging
 10410 | D:8      | Killed Joseph
 10616 | D:9      | Noticed a two-headed ogre
 10618 | D:9      | Noticed a deep elf mage
 10744 | D:8      | Learned a level 5 spell: Lightning Bolt
 10745 | D:9      | Noticed Erolcha
 11015 | D:9      | Killed Erolcha
 11015 | D:9      | Reached XP level 10. HP: 49/83 MP: 5/21
 11425 | D:9      | Identified the Grimoire of Creative Battle Magic
 11447 | D:9      | HP: 2/83 [troll (10)]
 11453 | D:9      | HP: 1/83 [poisoned by a killer bee]
 11461 | D:9      | HP: 1/83 [poisoned by a killer bee]
 12630 | D:9      | Killed a two-headed ogre
 12631 | D:9      | Killed a deep elf mage
 12810 | D:10     | Entered Level 10 of the Dungeon
 13114 | D:10     | Noticed a two-headed ogre
 13123 | D:10     | Killed a two-headed ogre
 13326 | D:10     | Reached XP level 11. HP: 79/89 MP: 16/25
 13455 | D:10     | Found a staircase to the Lair.
 13994 | D:10     | Found Roerphu's Book Shop.
 15312 | D:11     | Found a staircase to the Orcish Mines.
 15440 | D:11     | Found a roughly hewn altar of Beogh.
 15476 | D:11     | Learned a level 6 spell: Conjure Ball Lightning
 15554 | Lair:1   | Entered Level 1 of the Lair of Beasts
 15915 | Lair:1   | Reached skill level 10 in Conjurations
 15999 | Lair:1   | Reached skill level 10 in Air Magic
 17371 | Lair:1   | Found the +8 whip "Snakebite" {curare, rPois}
 18254 | Lair:2   | Reached XP level 12. HP: 87/97 MP: 20/29
 18541 | Lair:2   | Found a staircase to the Swamp.
 20538 | Lair:4   | Mangled by a jumping spider

Vault maps used:
D:1:      kennysheep_arrival_seaside, bh_walls_and_bars
D:2:      lemuel_doored_altar, marbit_many_paths, serial_forest,
          infiniplex_forest_corner_1, infiniplex_forest_split,
          infiniplex_forest_clump_small, infiniplex_forest_straight_4,
          infiniplex_forest_3_way, infiniplex_forest_end_3,
          infiniplex_forest_straight_2, infiniplex_forest_lined_room_,
          infiniplex_forest_lined_ring, hex_tiny, kennysheep_generic_room_6
D:3:      lemuel_coloured_pillars_altar, nicolae_overflow_hidden_temple,
          gammafunk_ghost_smash, nicolae_ru_great_annihilating_truth,
          uniq_terence
D:4:      first_ration
D:5:      gammafunk_temple_overflow_pools, eat_drink_and_be_merry_uskayaw,
          nicolae_ashenzari_panopticon, kennysheep_small_spiral,
          uniq_blork_the_orc
D:6:      nicolae_whirlpool, kennysheep_mini, palyth_stone_intersect
D:7:      minmay_temple_entry_statues, kennysheep_small_circle, uniq_menkaure,
          uniq_harold
D:8:      old_standard_altar, uniq_joseph
D:9:      minmay_diamond_stairs, uniq_erolcha
D:10:     grunt_lair_entry_orc_guard_hut, serial_shops, nicolae_shop_stone,
          grunt_livestock
D:11:     minmay_orc_entry_temple_small
Lair:1:   minmay_guarded_unrand_snakebite, grunt_megastairs_4,
          serial_bayou_shore_a
Lair:2:   minmay_swamp_entry_worms, grunt_megastairs_5
Lair:3:   lemuel_slime, infiniplex_staircase_pool_2
Lair:4:   nicolae_spider_entry_tight_spaces, nicolae_quartered_pool_super,
          bobbens_ice_dragon_lair, uniq_urug

Skill      XL: |  1  2  3  4  5  6  7  8  9 10 11 12 |
---------------+-------------------------------------+-----
Conjurations   | 2 3 4 5 6 7 8 10 | 10.0
Air Magic      | 3 4 5 6 7 8 10 | 10.1
Spellcasting   | 3 4 5 7 9 |  9.1
Fighting       | 5 6 9 |  9.0
Dodging        | 5 6 |  6.4
Stealth        | |  1.7

Action                   |  1- 3 |  4- 6 |  7- 9 | 10-12 || total
-------------------------+-------+-------+-------+-------++-------
Melee: Whip              |     2 |       |       |    23 ||    25
       Staff             |       |       |     5 |     6 ||    11
       Trident           |       |       |     3 |    11 ||    14
 Cast: Shock             |    94 |    97 |   255 |   432 ||   878
       Static Discharge  |       |     6 |    42 |   171 ||   219
       Airstrike         |       |       |    33 |    34 ||    67
       Lightning Bolt    |       |       |       |    14 ||    14
Evoke: Wand              |       |       |     1 |       ||     1
  Use: Scroll            |     1 |     2 |     1 |     9 ||    13
  Eat: Chunk             |     7 |    10 |    15 |    25 ||    57
       Ration            |       |       |     2 |     3 ||     5
Armor: Robe              |     2 |     3 |    30 |    25 ||    60
       Leather armour    |       |       |       |    45 ||    45
Dodge: Dodged            |     9 |    13 |    96 |   197 ||   315

Table legend:
 A = Spawn XP
 B = Non-spawn XP
 C = Spawn XP percentage of total XP
 D = Spawn monster count
 E = Non-spawn monster count
 F = Spawn count percentage of total count
 G = Total turns spent on level
                    A         B        C        D         E        F      G
               +---------+---------+-------+---------+---------+-------+---------
         Total |       0 |   34556 |   0.0 |       0 |     369 |   0.0 | 20538
               +---------+---------+-------+---------+---------+-------+---------
           D:1 |       0 |      50 |   0.0 |       0 |      24 |   0.0 |  1527
           D:2 |       0 |      26 |   0.0 |       0 |      12 |   0.0 |  1026
           D:3 |       0 |     189 |   0.0 |       0 |      28 |   0.0 |  1135
           D:4 |       0 |     171 |   0.0 |       0 |      11 |   0.0 |  1115
           D:5 |       0 |     441 |   0.0 |       0 |      10 |   0.0 |  1501
           D:6 |       0 |    1331 |   0.0 |       0 |      22 |   0.0 |  1497
           D:7 |       0 |    1759 |   0.0 |       0 |      31 |   0.0 |  1457
           D:8 |       0 |    1603 |   0.0 |       0 |      27 |   0.0 |  1988
           D:9 |       0 |    4652 |   0.0 |       0 |      35 |   0.0 |  1564
          D:10 |       0 |    5714 |   0.0 |       0 |      55 |   0.0 |  1824
          D:11 |       0 |    1647 |   0.0 |       0 |      23 |   0.0 |   920
        Lair:1 |       0 |    6161 |   0.0 |       0 |      28 |   0.0 |  2066
        Lair:2 |       0 |    3100 |   0.0 |       0 |      14 |   0.0 |  1375
        Lair:3 |       0 |    6860 |   0.0 |       0 |      46 |   0.0 |  1516
        Lair:4 |       0 |     852 |   0.0 |       0 |       3 |   0.0 |    27
               +---------+---------+-------+---------+---------+-------+---------
